AoeStats
← Flying Kangaroo

Socotra

505936778Analyzed
2v2 RM · 21d ago on Sep 11, 2026· 38m 15s· 4 players
Game mode
Random Map
Map size
Tiny (2 player)
Population
200
Speed
Normal
Resources
Standard
Victory
Conquest
Starting age
Dark Age
Ending age
Imperial Age
RankedLock teamsTeams togetherTeam positionsShared explorationLock speedFull tech treeHidden civsTurbo modeCheats
Victory
Defeat
🇳🇱 Ethiopians · Netherlands
1045
+15
🇳🇱 Franks · Netherlands
1000
+18
🇦🇹 Saracens · Austria
1035
-17
1026
-16
Nylsoo
6:43 Loom
11:24 Feudal Age
11:59 Horse Collar
12:05 Double-Bit Axe
12:15 Gold Mining
13:07 Fletching
22:30 Wheelbarrow
25:36 Castle Age
24:47 Padded Archer Armor
25:38 Crossbowman
26:26 Thumb Ring
26:23 Bodkin Arrow
28:41 Hand Cart
29:29 Leather Archer Armor
34:43 Ballistics
taaier
6:26 Loom
10:25 Feudal Age
12:11 Double-Bit Axe
25:42 Castle Age
33:19 Gold Mining
35:36 Scale Mail Armor
36:38 Forging
Flying Kangaroo
8:25 Loom
10:22 Feudal Age
12:14 Double-Bit Axe
26:06 Castle Age
24:33 Horse Collar
25:18 Scale Barding Armor
25:57 Bloodlines
29:13 Husbandry
31:26 Chain Barding Armor
31:18 Forging
35:48 Imperial Age
El lechero de la muerte
0:31 Loom
11:30 Feudal Age
25:44 Padded Archer Armor
27:46 Castle Age
25:37 Fletching
32:21 Town Watch
Connection lost

Rejoining the realm…

Still unreachable

The connection could not be restored.

Session expired

The server has moved on; the page needs a fresh start.